Map: [ESL] Royal Blood

Players

LiquidElazer (Elazer) - Winner!

  • Race: Zerg Zerg
  • League: Master
  • Spawn Location: 1:00

gumiho

  • Race: Terran Terran
  • Spawn Location: 7:00

Event: HomeStory Cup XXIII

VOD

Have the link to the VOD?

Description

Time

  • Played on: July 1, 2023, 9:13 a.m.
  • Length: 11:09

All games in this series

Show
View Real Time Build Order
Export as new Build Order

LiquidElazer Zerg - Winner!

Build Orders: Hatch First 

Get SALT Encoding   

  12  0:00  Drone  
  13  0:12  Overlord  
  13  0:16  Drone  
  14  0:30  Drone x2  
  16  0:47  Hatchery  
  15  0:51  Drone  
  15  0:54  Drone  
  18  0:57  Drone  
  18  1:08  Extractor  
  17  1:12  Spawning Pool  
  17  1:15  Drone  
  17  1:19  Drone  
  18  1:27  Drone  
  19  1:38  Drone  
  20  1:49  Drone  
  21  1:58  Queen  
  21  1:59  Queen  
  21  2:00  Zergling x4  
  27  2:09  Drone  
  27  2:11  Metabolic Boost  
  27  2:12  Overlord  
  28  2:29  Hatchery  
  26  2:30  Drone  
  26  2:31  Drone  
  26  2:34  Drone  
  29  2:37  Drone  
  30  2:45  Queen  
  30  2:48  Overlord  
  32  2:51  Drone  
  32  2:54  Drone  
  32  2:55  Drone  
  35  3:04  Overlord  
  35  3:07  Drone x4  
  39  3:13  Queen  
  41  3:20  Queen  
  41  3:25  Drone, Zergling x2  
  45  3:28  Drone  
  45  3:33  Zergling x2  
  47  3:39  Drone  
  47  3:40  Drone x3  
  47  3:41  Queen  
  51  3:44  Drone  
  54  3:51  Queen  
  54  3:55  Drone x2  
  58  3:58  Overlord  
  57  4:05  Overlord  
  57  4:12  Overlord  
  57  4:21  Zergling x6  
  57  4:22  Queen  
  62  4:24  Drone x8  
  62  4:26  Drone x2  
  62  4:27  Lair  
  62  4:31  Queen  
  72  4:36  Overlord  
  72  4:37  Drone x2  
  76  4:42  Baneling Nest  
  76  4:45  Zergling x6  
  78  4:50  Zergling x4  
  78  4:52  Hatchery  
  79  4:54  Overlord  
  79  4:58  Drone x3  
  82  5:02  Drone x4  
  82  5:04  Spore Crawler  
  82  5:05  Spore Crawler  
  82  5:06  Drone  
  85  5:08  Spore Crawler  
  85  5:11  Drone x2  
  85  5:12  Extractor  
  85  5:17  Overlord  
  85  5:23  Overlord  
  85  5:24  Drone x6  
  85  5:26  Extractor  
  90  5:28  Extractor  
  90  5:33  Evolution Chamber  
  90  5:34  Evolution Chamber  
  87  5:38  Overlord  
  87  5:39  Centrifugal Hooks  
  87  5:46  Overlord  
  87  5:48  Drone x4  
  91  5:50  Drone x6  
  91  5:56  Overlord  
  97  5:59  Drone  
  98  6:04  Zerg Ground Armor Level 1  
  98  6:05  Drone x4  
  102  6:11  Overlord, Zerg Melee Weapons Level 1  
  102  6:12  Drone x2  
  102  6:17  Zergling x10  
  109  6:19  Hatchery  
  108  6:27  Zergling x2  
  108  6:28  Zergling x4  
  108  6:31  Overlord  
  111  6:32  Extractor  
  111  6:33  Drone x3  
  111  6:34  Drone, Hydralisk Den  
  111  6:39  Drone x2  
  114  6:41  Baneling x5, Overseer  
  114  6:48  Drone  
  114  6:53  Overlord  
  115  6:54  Baneling x7, Zergling x2  
  115  6:55  Zergling x20  
  115  6:58  Hatchery  
  125  7:03  Muscular Augments  
  125  7:05  Zergling x6  
  128  7:13  Zergling x12  
  127  7:20  Overlord  
  127  7:21  Zergling x6  
  122  7:26  Hydralisk  
  122  7:27  Hydralisk x6  
  135  7:33  Overlord  
  135  7:36  Baneling x4  
  135  7:40  Drone  
  135  7:41  Zergling x14  
  142  7:46  Zergling x2  
  142  7:47  Zergling x2  
  143  7:53  Zergling x2  
  143  7:54  Zergling x12  
  143  7:56  Zergling x2  
  150  8:03  Zergling x16  
  156  8:07  Zergling x4  
  156  8:08  Zerg Ground Armor Level 2  
  156  8:09  Zerg Missile Weapons Level 1, Overlord  
  158  8:14  Hydralisk x4  
  158  8:16  Zergling x8  
  170  8:23  Grooved Spines  
  170  8:24  Zergling x12  
  166  8:34  Hatchery  
  166  8:35  Zergling x20  
  166  8:41  Zergling x12  
  173  8:44  Baneling x4  
  173  8:45  Baneling x9  
  173  8:48  Overlord  
  170  8:49  Zergling x4  
  168  8:57  Baneling x7  
  168  9:02  Hydralisk  
  166  9:06  Zergling x24  
  175  9:13  Zergling x10  
  180  9:19  Overlord x2  
  177  9:28  Hydralisk  
  177  9:29  Hydralisk x3  
  180  9:36  Baneling x4  
  180  9:37  Baneling x8  
  178  9:43  Zergling x10  
  178  9:44  Zergling x18  
  181  9:46  Baneling x5  
  177  9:54  Zergling x20, Baneling Nest  
  186  10:02  Hydralisk x3  
  186  10:05  Zergling x2  
  186  10:06  Zergling x8  
  197  10:10  Hatchery  
  178  10:17  Zergling x12  
  178  10:18  Baneling x9  
  178  10:21  Zergling x6  
  157  10:29  Zergling x2  
  157  10:30  Zergling x18  
  157  10:35  Zergling x12  
  156  10:47  Zergling x2  
  156  10:48  Zergling x12  
  156  11:04  Hatchery  
Show
View Real Time Build Order
Export as new Build Order

gumiho Terran 

Build Orders: Reaper Expand, Hellion Banshee 

Get SALT Encoding   

  12  0:00  SCV  
  13  0:12  SCV  
  14  0:16  Supply Depot  
  14  0:24  SCV  
  15  0:38  SCV  
  15  0:39  Barracks  
  16  0:43  Refinery  
  16  0:50  SCV  
  17  1:02  SCV  
  18  1:14  SCV  
  19  1:26  Orbital Command, Reaper  
  20  1:38  Command Center  
  20  1:46  Supply Depot  
  20  1:52  SCV  
  21  1:57  Marine  
  22  2:04  SCV  
  23  2:10  Factory  
  23  2:16  SCV  
  23  2:19  Barracks Reactor  
  24  2:28  SCV  
  25  2:35  Command Center  
  25  2:40  SCV  
  26  2:50  Orbital Command  
  26  2:52  SCV  
  26  2:57  Starport  
  27  3:03  Hellion  
  29  3:06  Hellion  
  29  3:09  Refinery  
  29  3:11  SCV  
  32  3:16  SCV, Barracks Tech Lab  
  33  3:23  SCV  
  34  3:28  SCV, Hellion  
  34  3:29  Hellion  
  39  3:36  SCV  
  39  3:40  SCV, Banshee  
  39  3:41  Marine  
  45  3:48  SCV  
  47  3:49  Orbital Command  
  47  3:53  Hellion x2  
  47  3:55  SCV  
  51  4:00  Supply Depot  
  51  4:01  Barracks Tech Lab  
  51  4:03  SCV  
  51  4:07  SCV  
  53  4:15  SCV  
  54  4:19  SCV  
  54  4:24  Raven, SCV  
  57  4:27  SCV, Hellion  
  57  4:28  Hellion  
  63  4:31  SCV  
  63  4:34  Orbital Command  
  63  4:36  Supply Depot  
  63  4:38  Stimpack, Marine  
  65  4:39  SCV  
  65  4:45  SCV  
  67  4:51  SCV  
  68  4:53  Barracks  
  68  4:54  Refinery  
  68  4:55  Marine, Refinery, Factory Reactor  
  68  4:56  Barracks  
  68  4:57  SCV  
  70  5:00  Engineering Bay  
  70  5:01  Engineering Bay  
  70  5:04  SCV x2, Supply Depot  
  70  5:06  Supply Depot  
  72  5:09  Supply Depot  
  72  5:13  Marine, SCV  
  74  5:16  SCV x2  
  74  5:19  Starport Reactor  
  74  5:26  Terran Infantry Weapons Level 1, SCV, Terran Infantry Armor Level 1  
  75  5:28  SCV  
  75  5:29  SCV  
  75  5:31  Marine  
  75  5:33  Supply Depot  
  78  5:36  Barracks  
  78  5:38  Barracks  
  78  5:40  SCV  
  78  5:41  SCV x2  
  78  5:42  Marine  
  81  5:43  Marine  
  83  5:52  SCV  
  83  5:53  SCV, Siege Tank, Supply Depot  
  83  5:55  Marine x2, Supply Depot  
  90  5:57  Marine  
  90  6:00  Medivac x2  
  90  6:02  SCV  
  96  6:04  SCV  
  96  6:06  Supply Depot  
  96  6:10  Marine x2, Supply Depot  
  99  6:12  Marine  
  99  6:13  Marine  
  99  6:16  SCV x2  
  99  6:18  Combat Shield  
  103  6:20  Armory  
  103  6:24  SCV  
  104  6:28  SCV x2, Siege Tank  
  104  6:30  Marine, Barracks Reactor  
  104  6:31  Marine  
  111  6:33  Barracks Reactor  
  111  6:35  Marine x3  
  114  6:46  Supply Depot  
  114  6:47  SCV x3, Refinery x2  
  114  6:48  Marine x2  
  114  6:53  Marine x2  
  121  6:55  Factory  
  121  6:59  SCV x2, Supply Depot  
  121  7:00  Marine, Siege Tank  
  121  7:01  Supply Depot  
  127  7:06  Marine x4  
  131  7:10  Marine  
  131  7:11  Marine  
  131  7:13  Marine  
  131  7:15  Marine  
  132  7:18  Marine  
  128  7:24  Marine x4  
  128  7:28  Marine  
  128  7:29  Marine  
  133  7:31  Marine  
  133  7:32  Marine  
  133  7:34  Medivac x2, Siege Tank  
  133  7:36  Marine  
  143  7:40  Terran Infantry Weapons Level 2  
  143  7:42  Marine x4  
  147  7:46  Marine  
  147  7:47  Marine  
  147  7:49  Marine  
  147  7:50  Marine  
  151  7:51  Supply Depot  
  151  7:53  Supply Depot  
  151  7:54  Marine, Factory Tech Lab  
  152  7:59  Marine x2  
  152  8:00  Marine x2  
  152  8:01  Terran Infantry Armor Level 2  
  152  8:04  Marine x2  
  157  8:06  Marine  
  157  8:08  Marine  
  157  8:11  Marine  
  157  8:12  SCV x2  
  162  8:13  SCV  
  162  8:17  Marine x2  
  162  8:19  Supply Depot  
  165  8:20  Supply Depot  
  165  8:25  Marine  
  165  8:26  Medivac x2  
  170  8:29  Marine x2  
  168  8:36  Marine x2  
  168  8:39  Marine  
  168  8:41  Marine x3, Siege Tank  
  163  8:42  Marine  
  163  8:47  Marine x2  
  158  8:54  Marine x2  
  143  8:57  Marine  
  143  8:59  Marine x3  
  143  9:00  Marine  
  143  9:05  Marine x2  
  139  9:12  Marine x2  
  139  9:14  SCV x2  
  139  9:17  Marine  
  142  9:26  Marine x2  
  142  9:27  Marine x2  
  142  9:28  Marine x2  
  146  9:32  Marine x2  
  146  9:34  Marine  
  146  9:36  Supply Depot  
  137  9:46  Orbital Command  
  137  9:51  Marine  
  137  9:52  Marine x8  
  139  10:11  Supply Depot  
  139  10:12  Supply Depot  
  104  10:33  Marine x9  
  104  10:34  SCV x2, Siege Tank  
  90  10:46  SCV  
  81  10:50  Marine x5  
  81  10:51  Marine x2  
Tags
 
Add a new tag
Caveats
  • Supply blocks, unpowered buildings, or Contaminate may cause inaccurate times.
  • Supply counts are checked every 10 seconds.